 Seeded DCSS version 0.30-a0-956-gcec3b41aec (webtiles) character file.

Game seed: 731842909934166612 (custom seed)

646 a11behringer the Chopper (level 7, -19/61 HPs)
             Began as a Hill Orc Fighter on Mar 29, 2023.
             Demolished by an ogre
             ... wielding a +0 giant spiked club
              (21 damage)
             ... on level 5 of the Dungeon.
             The game lasted 00:08:42 (3748 turns).

a11behringer the Chopper (Hill Orc Fighter)         Turns: 3748, Time: 00:08:43

Health: -19/61     AC: 12    Str: 21    XL:     7   Next: 52%
Magic:  7/7        EV: 10    Int:  8    God:
Gold:   273        SH:  4    Dex: 10    Spells: 6/6 levels left

rFire   . . .      SeeInvis +    a - +0 war axe
rCold   . . .      Faith    .    c - +0 buckler
rNeg    + . .      Spirit   .    b - +0 scale mail
rPois   .          Reflect  .    s - +2 helmet {SInv}
rElec   .          Rampage  .    G - +0 cloak
rCorr   .                        (no gloves)
Will    .....                    l - +0 pair of boots Stlth
                                 (no amulet)
HPRegen 0.30/turn                j - ring of positive energy
MPRegen 0.10/turn                (no ring)

@: no status effects
A: no striking features
a: no special abilities


You were on level 5 of the Dungeon.
You visited 1 branch of the dungeon, and saw 5 of its levels.
You also visited: Ossuary.

You collected 273 gold pieces.

Inventory:

Hand Weapons
 a - a +0 war axe (weapon)
 g - a +1 flail of holy wrath
 F - the +1 hand axe "Qeuqymun" {freeze, rC+ Will+}
   (You found it on level 5 of the Dungeon)

   rC:        It protects you from cold.
   Will:      It increases your willpower.
Armour
 b - a +0 scale mail (worn)
 c - a +0 buckler (worn)
 l - a +0 pair of boots (worn)
 s - a +2 helmet of see invisible (worn)
 G - a +0 cloak (worn)
Jewellery
 j - a ring of positive energy (left hand)
 q - a ring of magical power
 r - a ring of resist corrosion
Wands
 D - a wand of flame (19)
Scrolls
 f - 8 scrolls of identify {unknown}
 k - 3 scrolls of fog {unknown}
 m - 5 scrolls of teleportation {unknown}
 n - a scroll of enchant armour {unknown}
 o - 3 scrolls of enchant weapon {unknown}
 p - a scroll of torment {unknown}
 t - 2 scrolls of fear {unknown}
 y - 2 scrolls of amnesia {unknown}
 B - 2 scrolls of immolation {unknown}
 C - 2 scrolls of poison {unknown}
Potions
 d - a potion of might
 e - a potion of cancellation {unknown}
 h - a potion of mutation {unknown}
 i - a potion of attraction {unknown}
 u - a potion of heal wounds {unknown}
 v - a potion of berserk rage {unknown}
 w - a potion of flight {unknown}
 x - a potion of degeneration {unknown}
 z - 3 potions of curing {unknown}
 A - a potion of haste {unknown}
 E - a potion of lignification {unknown}


   Skills:
 + Level 5.2 Fighting
 * Level 6.5 Axes
 + Level 4.8 Armour
 + Level 2.4 Dodging
 + Level 4.8 Shields


You had 6 spell levels left.
You didn't know any spells.
Your spell library contained the following spells:

 Spells                   Type           Power      Damage    Failure   Level
 Necrotise                Necr           0%         1d4       82%         1
 Dazzling Flash           Conj/Hex       0%         N/A       99%         3
 Frozen Ramparts          Ice            0%         1d1       99%         3
 Ignite Poison            Fire/Tmut/Pois 0%         N/A       99%         3
 Ozocubu's Armour         Ice            0%         N/A       99%         3
 Vampiric Draining        Necr           0%         2d6       99%         3
 Ice Form                 Ice/Tmut       0%         N/A       100%        4
 Iskenderun's Mystic Bla  Conj/Tloc      0%         2d3       100%        4
 Sticky Flame             Conj/Fire      0%         2d3       100%        4
 Summon Ice Beast         Ice/Summ       0%         N/A       100%        4
 Agony                    Necr           0%         N/A       100%        5
 Metabolic Englaciation   Hex/Ice        0%         N/A       100%        5
 Simulacrum               Ice/Necr       0%         N/A       100%        6
 Starburst                Conj/Fire      0%         6d3       100%        6
 Ignition                 Fire           0%         3d3       100%        8


Dungeon Overview and Level Annotations

Branches:
Dungeon (5/15)            Ossuary (visited)
 Temple: D:4-7

Altars:
Qazlal


Message History

The orc wizard shouts!
You hear a shout!
You block the ogre's attack. You block the sleepcap's attack.
You completely miss the ogre. You hit the sleepcap.
The sleepcap releases spores at you but does no damage.
The ogre barely misses you.
You slash the sleepcap!
The sleepcap is heavily damaged.
You completely miss the ogre. The sleepcap completely misses you.
The orc shouts!
You hit the sleepcap but do no damage.
The sleepcap is heavily damaged.
You barely miss the ogre.
You hear a shout!
The ogre barely misses you. The sleepcap closely misses you.
You slash the sleepcap!
The sleepcap is almost destroyed.
You barely miss the ogre. The sleepcap closely misses you. The ogre misses you.
The sleepcap releases spores at you but does no damage.
You hit the sleepcap but do no damage.
The sleepcap is almost destroyed.
You barely miss the ogre. The ogre closely misses you.
The sleepcap releases spores at you.
You are engulfed in a cloud of soporific spores!
You fall asleep.
The sleepcap releases spores at you!
You wake up.
You are engulfed in a cloud of soporific spores!
You are unaffected.
You slash the sleepcap!
You destroy the sleepcap!
You slash the ogre!
The ogre hits you with a +0 giant spiked club!!
You are too injured to fight recklessly!
You slash the ogre!
The ogre is heavily wounded.
The ogre hits you with a +0 giant spiked club!!
* * * LOW HITPOINT WARNING * * *
You hit the ogre.
The ogre is severely wounded.
The ogre hits you with a +0 giant spiked club!!
You die...

#.########.##.........#.#.......
##.......# #.........#.#.......
##.......# #.........# #
.........# ###.#######
##.......# #.####### ##.......#
#........ ##.......# #........
##.......# #.##........
##.......# #...@.......
##.......# #....O.......
##.......# #...#8..8#...
#.......# #..##....##..
#.......# #.# ......##.
#.......# #. #$$$$## #.......# #
###### #########


oo. You could see an ogre, an orc wizard and an orc.

Vanquished Creatures
  Sigmund (D:3)
  A scorpion (D:5)
  A jelly (D:5)
  A sleepcap (D:5)
  15 mummies
  2 adders
  A gnoll (D:1)
  A worm (D:2)
  8 dart slugs
  13 orcs
  8 ball pythons
  4 endoplasms
  6 giant cockroaches
  7 goblins
  7 hobgoblins
  8 jackals
  3 quokkas
  3 bats
  4 frilled lizards
  2 gnoll skeletons (Ossuary)
  4 goblin skeletons (Ossuary)
  A goblin zombie (D:4)
  7 kobolds
  A kobold skeleton (Ossuary)
  An orc skeleton (Ossuary)
  An orc zombie (D:4)
  5 rats
  11 rat skeletons (Ossuary)
127 creatures vanquished.

Notes
Turn   | Place    | Note
-------+----------+-------------------------------------------
     0 | D:1      | a11behringer the Hill Orc Fighter began the quest for the
                  | Orb.
     0 | D:1      | Reached XP level 1. HP: 19/19 MP: 1/1
    87 | D:1      | Reached skill level 3 in Axes
    88 | D:1      | Reached XP level 2. HP: 25/27 MP: 2/2
    96 | D:1      | Upgraded the game from 0.30-a0-953-g5f1da4a474 to
                  | 0.30-a0-956-gcec3b41aec
   202 | D:1      | Reached XP level 3. HP: 30/33 MP: 3/3
   855 | D:2      | Reached skill level 1 in Dodging
   892 | D:2      | Reached XP level 4. HP: 40/40 MP: 4/4
  1035 | D:2      | Reached skill level 4 in Axes
  1803 | D:3      | Noticed Sigmund
  1812 | D:3      | Killed Sigmund
  1813 | D:3      | Reached skill level 5 in Axes
  1813 | D:3      | Reached XP level 5. HP: 46/47 MP: 5/5
  1813 | D:3      | Reached XP level 6. HP: 52/53 MP: 6/6
  2269 | D:4      | Found a sand-covered staircase.
  2276 | Ossuary  | Entered an ossuary
  2696 | Ossuary  | Reached XP level 7. HP: 47/60 MP: 7/7
  2754 | Ossuary  | Reached skill level 6 in Axes
  3065 | D:4      | Reached skill level 5 in Fighting
  3174 | D:4      | Identified the +9 short sword of Eternity {heavy, Fragile
                  | Fly rC++ Str+3}
  3191 | D:4      | Found a stormy altar of Qazlal.
  3492 | D:5      | Entered Level 5 of the Dungeon
  3562 | D:5      | Identified the +1 hand axe "Qeuqymun" {freeze, rC+ Will+}
  3747 | D:5      | HP: 2/61 [ogre/+0 giant spiked club (19)]
  3748 | D:5      | Demolished by an ogre

Illustrated notes

Levels and vault maps discovered:
D:1:      eino_arrival_water_star, layout_loops_ring, minmay_hexomino_f4
D:2:      layout_basic
D:3:      layout_loops_cross, kennysheep_generic_room_4, uniq_sigmund
D:4:      layout_loops_ring, mainiacjoe_overflow_chevrons,
          nicolae_ossuary_entry_giza
D:5:      layout_basic, overflow_temple_1_default,
          lemuel_coloured_pillars_altar, jmf_multi_god_temple,
          minmay_temple_entry_offerings

Skill      XL: |  1  2  3  4  5  6  7 |
---------------+----------------------+-----
Axes           | 3 5 6 |  6.5
Fighting       | 4 5 |  5.2
Dodging        | 1 2 |  2.4
Armour         | 4 |  4.8
Shields        | 4 |  4.8

Action                     |  1- 3 |  4- 6 |  7- 9 || total
---------------------------+-------+-------+-------++-------
  Melee: War axe           |   104 |   145 |    78 ||   327
    Use: Potion            |       |     1 |       ||     1
 Armour: Scale mail        |    42 |    34 |    30 ||   106
  Dodge: Dodged            |    48 |    42 |    40 ||   130
  Block: Buckler           |    26 |    10 |    17 ||    53

Table legend: (Time is in decaauts)
 A = Elapsed time spent in this place.
 B = Non-inter-level travel time spent in this place.
 C = Inter-level travel time spent in this place.
 D = Time resting spent in this place.
 E = Time spent auto-exploring this place.
 F = Levels seen in this place.
 G = Mean time per level.
                   A        B        C        D        E       F      G
               +--------+--------+--------+--------+--------+-----+--------+
         Total |   3844 |   3650 |    194 |      0 |   2856 |   6 |  640.7 |
       Dungeon |   3108 |   2914 |    194 |      0 |   2351 |   5 |  621.6 |
       Ossuary |    736 |    736 |      0 |      0 |    505 |   1 |  736.0 |
               +--------+--------+--------+--------+--------+-----+--------+

Top non-repeatable levels by time:
     D:3: 777 daAuts
     D:1: 764 daAuts
 Ossuary: 736 daAuts
     D:2: 721 daAuts
     D:4: 582 daAuts
     D:5: 261 daAuts
